Map: 죽음의 밤

Players

JamesRaider

  • Race: Terran Terran
  • Spawn Location: 0:00

제임스레이더

  • Race: Protoss Protoss
  • Spawn Location: 0:00

VOD

Have the link to the VOD?

Description

Time

  • Played on: April 6, 2019, 2:50 a.m.
  • Length: 18:51
Show
View Real Time Build Order
Export as new Build Order

JamesRaider Terran 

Build Orders:  

Get SALT Encoding   

  12  0:07  SCV  
Show
View Real Time Build Order
Export as new Build Order

제임스레이더 Protoss 

Build Orders:  

Get SALT Encoding   

  12  0:02  Probe (Chrono Boost)  
  13  0:16  Probe (Chrono Boost)  
  14  0:30  Probe (Chrono Boost)  
  14  0:39  Xel'Naga Passageway  
  15  0:44  Probe (Chrono Boost)  
  16  0:58  Probe (Chrono Boost)  
  17  1:11  Probe (Chrono Boost)  
  18  1:25  Probe (Chrono Boost)  
  19  1:39  Probe (Chrono Boost)  
  19  1:42  Xel'Naga Passageway  
  19  1:46  Core Forge  
  20  1:53  Probe (Chrono Boost)  
  21  2:07  Probe (Chrono Boost)  
  22  2:17  Xel'Naga Ambusher  
  24  2:21  Probe (Chrono Boost)  
  25  2:35  Probe (Chrono Boost)  
  25  2:39  Xel'Naga Shieldguard, Constructs Facility  
  27  2:49  Probe (Chrono Boost)  
  28  2:51  Xel'Naga Shieldguard  
  29  3:02  Probe (Chrono Boost)  
  30  3:13  Xel'Naga Ambusher  
  30  3:16  Probe (Chrono Boost)  
  33  3:41  Serdath Legion  
  33  3:52  Xel'Naga Shieldguard  
  33  3:53  Constructs Bay  
  34  4:35  Xel'Naga Ambusher  
  34  4:39  Xel'Naga Ambusher  
  38  5:11  Xel'Naga Abrogator  
  41  5:31  Xel'Naga Void Array x2  
  42  5:47  Serdath Legion  
  40  6:43  Xel'Naga Void Array  
  38  7:03  Xel'Naga Ambusher x2  
  41  7:14  Xel'Naga Void Array x2  
  42  7:24  Xel'Naga Ambusher  
  44  7:36  Xel'Naga Watcher, Xel'Naga Shieldguard  
  45  7:44  Xel'Naga Void Array  
  45  8:00  Xel'Naga Ambusher  
  45  8:06  Serdath Legion  
  47  8:10  Xel'Naga Watcher  
  45  8:22  Xel'Naga Ambusher  
  47  8:37  Xel'Naga Shieldguard  
  48  8:44  Xel'Naga Void Array  
  47  9:03  Unknown x3  
  47  9:08  Unknown x3  
  47  9:14  Unknown x3  
  47  9:15  Xel'Naga Ambusher x2  
  47  9:19  Unknown x3  
  51  9:24  Unknown x3  
  51  9:30  Unknown x3  
  51  9:35  Unknown x3, Xel'Naga Void Array  
  51  9:36  Xel'Naga Ambusher  
  53  9:41  Unknown x3  
  53  9:50  Unknown x3  
  53  9:56  Unknown x3  
  55  10:01  Unknown x3  
  55  10:06  Unknown x3  
  55  10:08  Xel'Naga Ambusher  
  57  10:11  Serdath Legion  
  57  10:13  Unknown x3  
  57  10:19  Unknown x3, Xel'Naga Void Array  
  55  10:27  Unknown x3  
  55  10:31  Xel'Naga Abrogator  
  55  10:32  Unknown x3  
  55  10:37  Unknown x3  
  58  10:47  Unknown x3  
  58  10:54  Unknown x3  
  58  10:57  Xel'Naga Abrogator  
  58  10:59  Unknown x3  
  58  11:02  Xel'Naga Void Array  
  61  11:16  Unknown x3  
  61  11:21  Unknown x3  
  61  11:23  Unknown x3  
  61  11:26  Unknown x3  
  61  11:27  Unknown x3  
  61  11:28  Xel'Naga Abrogator  
  61  11:29  Unknown x3  
  61  11:32  Unknown x3  
  61  11:37  Xel'Naga Void Array  
  61  11:38  Unknown x6  
  64  11:43  Unknown x3  
  64  11:45  Unknown x3  
  64  11:48  Unknown x3  
  64  11:50  Xel'Naga Shieldguard x2  
  64  11:51  Unknown x3  
  64  11:53  Unknown x6  
  64  11:57  Unknown x3  
  64  11:58  Unknown x3  
  64  11:59  Unknown x6  
  63  12:03  Unknown x3  
  63  12:04  Unknown x6  
  63  12:05  Unknown x3  
  63  12:08  Unknown x6  
  63  12:09  Unknown x3, Probe (Chrono Boost)  
  64  12:10  Unknown x3  
  64  12:13  Unknown x6  
  64  12:14  Unknown x3  
  64  12:15  Unknown x3  
  64  12:19  Unknown x3  
  64  12:20  Unknown x6  
  64  12:21  Unknown x3  
  64  12:22  Serdath Legion  
  64  12:24  Unknown x3  
  64  12:25  Unknown x3  
  64  12:26  Unknown x6, Probe (Chrono Boost)  
  65  12:31  Unknown x9  
  65  12:33  Unknown x3  
  65  12:36  Xel'Naga Void Array  
  65  12:37  Unknown x9  
  65  12:39  Unknown x3  
  65  12:42  Unknown x3  
  65  12:43  Unknown x6, Probe (Chrono Boost)  
  65  12:46  Xel'Naga Ambusher  
  65  12:47  Unknown x3  
  65  12:48  Unknown x3  
  65  12:49  Unknown x6  
  68  12:54  Unknown x6  
  68  12:56  Unknown x3  
  68  12:57  Unknown x3  
  68  13:00  Unknown x3  
  68  13:05  Unknown x3  
  68  13:06  Unknown x3  
  68  13:07  Xel'Naga Ambusher  
  69  13:11  Unknown x3  
  69  13:12  Unknown x9  
  69  13:16  Unknown x3  
  69  13:17  Unknown x6  
  69  13:18  Unknown x3  
  69  13:20  Unknown x3  
  69  13:22  Unknown x3  
  69  13:23  Unknown x3  
  69  13:25  Unknown x3  
  69  13:26  Unknown x6  
  69  13:28  Unknown x3  
  69  13:29  Unknown x3  
  69  13:32  Unknown x3  
  69  13:33  Xel'Naga Ambusher, Unknown x3  
  69  13:34  Unknown x3  
  69  13:36  Unknown x3  
  69  13:37  Unknown x6  
  69  13:39  Unknown x3  
  71  13:42  Xel'Naga Ambusher, Unknown x3  
  71  13:43  Unknown x3  
  71  13:45  Unknown x3  
  71  13:46  Unknown x3  
  71  13:47  Unknown x3  
  71  13:49  Unknown x3  
  73  13:50  Unknown x3  
  73  13:51  Unknown x6  
  73  13:52  Xel'Naga Void Array  
  73  13:54  Unknown x6  
  73  13:57  Unknown x3  
  73  13:59  Unknown x6  
  73  14:01  Unknown x3  
  73  14:02  Unknown x3  
  73  14:05  Unknown x6  
  73  14:06  Unknown x3  
  73  14:07  Unknown x3  
  73  14:09  Unknown x3  
  73  14:11  Unknown x3  
  73  14:12  Xel'Naga Ambusher, Unknown x6  
  73  14:16  Unknown x3  
  73  14:17  Unknown x3  
  73  14:18  Unknown x3  
  73  14:19  Unknown x3  
  75  14:22  Unknown x3  
  75  14:23  Unknown x6  
  75  14:24  Unknown x3  
  75  14:26  Serdath Legion  
  75  14:27  Unknown x3  
  75  14:28  Unknown x6  
  75  14:33  Unknown x3  
  75  14:34  Unknown x3  
  75  14:36  Unknown x3  
  75  14:39  Unknown x3  
  75  14:40  Unknown x6  
  75  14:42  Unknown x3  
  75  14:43  Unknown x3  
  75  14:48  Unknown x3  
  75  14:50  Unknown x3  
  75  14:51  Unknown x3  
  75  14:53  Unknown x3  
  75  14:58  Unknown x3  
  73  15:09  Probe (Chrono Boost)  
  57  15:23  Xel'Naga Void Array  
  57  15:26  Probe (Chrono Boost)  
  58  15:33  Unknown x3  
  58  15:34  Xel'Naga Ambusher, Unknown x3  
  58  15:36  Unknown x3  
  58  15:38  Unknown x3  
  60  15:43  Probe (Chrono Boost)  
  60  15:46  Unknown x3  
  60  15:47  Unknown x6  
  61  15:52  Unknown x3  
  61  15:53  Unknown x6  
  61  15:57  Unknown x3  
  61  15:58  Xel'Naga Ambusher  
  61  15:59  Unknown x6  
  64  16:00  Probe (Chrono Boost)  
  64  16:03  Unknown x3  
  64  16:04  Unknown x3  
  64  16:05  Unknown x3  
  64  16:09  Unknown x6  
  64  16:11  Unknown x3  
  64  16:14  Unknown x3  
  64  16:15  Unknown x3  
  64  16:16  Unknown x3  
  64  16:17  Probe (Chrono Boost)  
  64  16:19  Unknown x3  
  65  16:20  Unknown x3  
  65  16:21  Unknown x3  
  65  16:28  Unknown x9  
  67  16:34  Probe (Chrono Boost)  
  67  16:35  Unknown x9  
  66  16:40  Unknown x9  
  66  16:41  Serdath Legion  
  66  16:45  Unknown x6  
  66  16:46  Unknown x3  
  66  16:59  Unknown x6  
  66  17:00  Unknown x3  
  66  17:03  Xel'Naga Ambusher  
  66  17:04  Unknown x3, Xel'Naga Void Array  
  66  17:05  Unknown x6  
  68  17:10  Unknown x6  
  68  17:11  Unknown x3  
  68  17:16  Unknown x9  
  68  17:20  Unknown x3  
  68  17:22  Unknown x3  
  68  17:23  Unknown x3  
  68  17:28  Unknown x3  
  68  17:29  Unknown x3  
  68  17:33  Unknown x3  
  68  17:36  Unknown x3  
  68  17:37  Unknown x3  
  68  17:41  Unknown x3  
  68  17:43  Unknown x3  
  68  17:45  Xel'Naga Ambusher  
  68  17:48  Unknown x3  
  68  17:51  Unknown x3  
  68  17:53  Unknown x3  
  68  17:56  Unknown x3  
  68  17:59  Unknown x3  
  68  18:02  Unknown x3  
  68  18:20  Unknown x6  
  68  18:21  Unknown x3  
Tags
 
Add a new tag
Caveats
  • Supply blocks, unpowered buildings, or Contaminate may cause inaccurate times.
  • Supply counts are checked every 10 seconds.